Workbook

Sheet 1 розничный магазин
B1: Финансовая модель розничного магазина
A3: Месяцы | B3: 45078 | C3: =EDATE(B3,1) -> 45108 | D3: =EDATE(C3,1) -> 45139 | E3: =EDATE(D3,1) -> 45170 | F3: =EDATE(E3,1) -> 45200 | G3: =EDATE(F3,1) -> 45231 | H3: =EDATE(G3,1) -> 45261 | I3: =EDATE(H3,1) -> 45292 | J3: =EDATE(I3,1) -> 45323 | ... M3: =EDATE(L3,1) -> 45413 | O3: Итого за год
A5: Вложения | B5: =B13 -> 1849500 | O5: =SUM(B5:M5) -> 1849500
A7: Выручка | B7: =B11*B12 -> 800000 | C7: =C11*C12 -> 640000 | D7: =D11*D12 -> 704000 | E7: =E11*E12 -> 774400 | F7: =F11*F12 -> 851840 | G7: =G11*G12 -> 937024 | H7: =H11*H12 -> 1030726.4 | I7: =I11*I12 -> 1082262.7 | ... M7: =M11*M12 -> 1093085.3 | O7: =SUM(B7:M7) -> 11192595
A8: Число посетителей | B8: 600 | C8: 500 | D8: =C8+50 -> 550 | E8: =D8+50 -> 600 | F8: =E8+50 -> 650 | G8: =F8+50 -> 700 | H8: =G8+50 -> 750 | I8: =H8+30 -> 780 | J8: =I8+10 -> 790 | K8: =J8 -> 790 | L8: =K8 -> 790 | M8: =L8 -> 790 | O8: =SUM(B8:M8) -> 8290
A9: Число заказов | B9: 40 | C9: 32 | D9: =C9+C9*10% -> 35.2 | E9: =D9+D9*10% -> 38.72 | F9: =E9+E9*10% -> 42.592 | G9: =F9+F9*10% -> 46.8512 | H9: =G9+G9*10% -> 51.53632 | I9: =H9+H9*5% -> 54.113136 | J9: =I9+I9*1% -> 54.654267 | K9: =J9 -> 54.654267 | L9: =K9 -> 54.654267 | M9: =L9 -> 54.654267
A10: Конверсия магазина, % | B10: =B9/B8*100 -> 6.6666667 | C10: =C9/C8*100 -> 6.4 | D10: =D9/D8*100 -> 6.4 | E10: =E9/E8*100 -> 6.4533333 | F10: =F9/F8*100 -> 6.5526154 | G10: =G9/G8*100 -> 6.6930286 | H10: =H9/H8*100 -> 6.8715093 | I10: =I9/I8*100 -> 6.9375815 | ... M10: =M9/M8*100 -> 6.9182617
A11: Число оплат | B11: =B9 -> 40 | C11: =C9 -> 32 | D11: =D9 -> 35.2 | E11: =E9 -> 38.72 | F11: =F9 -> 42.592 | G11: =G9 -> 46.8512 | H11: =H9 -> 51.53632 | I11: =I9 -> 54.113136 | ... M11: =M9 -> 54.654267 | O11: =SUM(B11:M11) -> 559.62973
A12: Средний чек | B12: 20000 | C12: =B12 -> 20000 | D12: =C12 -> 20000 | E12: =D12 -> 20000 | F12: =E12 -> 20000 | G12: =F12 -> 20000 | H12: =G12 -> 20000 | I12: =H12 -> 20000 | J12: =I12 -> 20000 | ... M12: =L12 -> 20000 | O12: =AVERAGE(B12:M12) -> 20000
A13: Расходы | B13: =SUM(B14:B31) -> 1849500 | C13: =SUM(C14:C31) -> 603500 | D13: =SUM(D14:D31) -> 609900 | E13: =SUM(E14:E31) -> 386940 | F13: =SUM(F14:F31) -> 394684 | G13: =SUM(G14:G31) -> 403202.4 | H13: =SUM(H14:H31) -> 412572.64 | I13: =SUM(I14:I31) -> 417726.27 | ... M13: =SUM(M14:M31) -> 418808.53 | O13: =SUM(B13:M13) -> 6753259.5
A14: Зарплата оклад (2 менеджера) | B14: 45000 | C14: 45000 | D14: 45000 | E14: 45000 | F14: 45000 | G14: 45000 | H14: 45000 | I14: 45000 | J14: 45000 | K14: 45000 | L14: 45000 | M14: 45000 | O14: =SUM(B14:M14) -> 540000
A15: Процент с продаж (2 менеджера) | B15: =B7*10/100 -> 80000 | C15: =C7*10/100 -> 64000 | D15: =D7*10/100 -> 70400 | E15: =E7*10/100 -> 77440 | F15: =F7*10/100 -> 85184 | G15: =G7*10/100 -> 93702.4 | H15: =H7*10/100 -> 103072.64 | I15: =I7*10/100 -> 108226.27 | ... M15: =M7*10/100 -> 109308.53 | O15: =SUM(B15:M15) -> 1119259.5
A16: Премиальная часть (мотивация) | B16: 20000 | C16: 0 | D16: 0 | E16: 20000 | F16: 20000 | G16: 20000 | H16: 20000 | I16: 20000 | J16: 20000 | K16: 20000 | L16: 20000 | M16: 20000 | O16: =SUM(B16:M16) -> 200000
A17: Налоги на зарплату | B17: =7500*43%*20 -> 64500 | C17: =7500*43%*20 -> 64500 | D17: =7500*43%*20 -> 64500 | E17: =7500*43%*20 -> 64500 | F17: =7500*43%*20 -> 64500 | G17: =7500*43%*20 -> 64500 | H17: =7500*43%*20 -> 64500 | I17: =7500*43%*20 -> 64500 | ... M17: =7500*43%*20 -> 64500 | O17: =O16*43% -> 86000
A18: Аренда помещения (100 кв.м.) | B18: 100000 | C18: 100000 | D18: 100000 | E18: 100000 | F18: 100000 | G18: 100000 | H18: 100000 | I18: 100000 | J18: 100000 | K18: 100000 | L18: 100000 | M18: 100000 | O18: =O17*43% -> 36980
A19: Комунальные платежи | B19: 15000 | C19: 15000 | D19: 15000 | E19: 15000 | F19: 15000 | G19: 15000 | H19: 15000 | I19: 15000 | J19: 15000 | K19: 15000 | L19: 15000 | M19: 15000 | O19: =O18*43% -> 15901.4
A20: Реклама | B20: 300000 | C20: 300000 | D20: 300000 | E20: 50000 | F20: 50000 | G20: 50000 | H20: 50000 | I20: 50000 | J20: 50000 | K20: 50000 | L20: 50000 | M20: 50000 | O20: =SUM(B20:M20) -> 1350000
A21: Хоз. Нужды | B21: 1500 | C21: 1500 | D21: 1500 | E21: 1500 | F21: 1500 | G21: 1500 | H21: 1500 | I21: 1500 | J21: 1500 | K21: 1500 | L21: 1500 | M21: 1500 | O21: =SUM(B21:M21) -> 18000
A22: Уборка помещения | B22: 9000 | C22: 9000 | D22: 9000 | E22: 9000 | F22: 9000 | G22: 9000 | H22: 9000 | I22: 9000 | J22: 9000 | K22: 9000 | L22: 9000 | M22: 9000 | O22: =SUM(B22:M22) -> 108000
A23: Охрана | B23: 4500 | C23: 4500 | D23: 4500 | E23: 4500 | F23: 4500 | G23: 4500 | H23: 4500 | I23: 4500 | J23: 4500 | K23: 4500 | L23: 4500 | M23: 4500 | O23: =SUM(B23:M23) -> 54000
A24: Торгово-выставочное оборудование | B24: 80000 | C24: 0 | D24: =C24 -> 0 | E24: =D24 -> 0 | F24: =E24 -> 0 | G24: =F24 -> 0 | H24: =G24 -> 0 | I24: =H24 -> 0 | J24: =I24 -> 0 | K24: =J24 -> 0 | ... M24: =L24 -> 0 | O24: =SUM(B24:M24) -> 80000
A25: Товар | B25: 500000 | C25: 0 | D25: 0 | E25: 0 | F25: 0 | G25: 0 | H25: 0 | I25: 0 | J25: 0 | K25: 0 | L25: 0 | M25: 0 | O25: =SUM(B25:M25) -> 500000
A26: Ремонт | B26: 300000 | C26: 0 | D26: 0 | E26: 0 | F26: 0 | G26: 0 | H26: 0 | I26: 0 | J26: 0 | K26: 0 | L26: 0 | M26: 0 | O26: =SUM(B26:M26) -> 300000
A27: Оргтехника, быт. техника | B27: 90000 | C27: 0 | D27: =C27 -> 0 | E27: =D27 -> 0 | F27: =E27 -> 0 | G27: =F27 -> 0 | H27: =G27 -> 0 | I27: =H27 -> 0 | J27: =I27 -> 0 | K27: =J27 -> 0 | ... M27: =L27 -> 0 | O27: =SUM(B27:M27) -> 90000
A28: Оформление магазина + вывески | B28: 105000 | C28: 0 | D28: 0 | E28: 0 | F28: 0 | G28: 0 | H28: 0 | I28: 0 | J28: 0 | K28: 0 | L28: 0 | M28: 0 | O28: =SUM(B28:M28) -> 105000
A29: Форма сотрудников | B29: 5000 | C29: =C6*6% -> 0 | D29: =D6*6% -> 0 | E29: =E6*6% -> 0 | F29: =F6*6% -> 0 | G29: =G6*6% -> 0 | H29: =H6*6% -> 0 | I29: =I6*6% -> 0 | J29: =J6*6% -> 0 | ... M29: =M6*6% -> 0 | O29: =SUM(B29:M29) -> 5000
A30: Депозит аренды | B30: 100000 | C30: =C6*6% -> 0 | D30: =D6*6% -> 0 | E30: =E6*6% -> 0 | F30: =F6*6% -> 0 | G30: =G6*6% -> 0 | H30: =H6*6% -> 0 | I30: =I6*6% -> 0 | J30: =J6*6% -> 0 | ... M30: =M6*6% -> 0 | O30: =SUM(B30:M30) -> 100000
A31: Официальное открытие (мероприятие) | B31: 30000 | C31: 0 | D31: 0 | E31: 0 | F31: 0 | G31: 0 | H31: 0 | I31: 0 | J31: 0 | K31: 0 | L31: 0 | M31: 0 | O31: =SUM(B31:M31) -> 30000
A33: Прибыль | B33: =B7-B13 -> -1049500 | C33: =C7-C13 -> 36500 | D33: =D7-D13 -> 94100 | E33: =E7-E13 -> 387460 | F33: =F7-F13 -> 457156 | G33: =G7-G13 -> 533821.6 | H33: =H7-H13 -> 618153.76 | I33: =I7-I13 -> 664536.45 | ... M33: =M7-M13 -> 674276.81 | O33: =SUM(B33:M33) -> 4439335.1
A34: Рентабельность | B34: =B33/B7*100% -> -1.311875 | C34: =C33/C7*100% -> 0.05703125 | D34: =D33/D7*100% -> 0.13366477 | E34: =E33/E7*100% -> 0.50033574 | F34: =F33/F7*100% -> 0.53666886 | G34: =G33/G7*100% -> 0.56969896 | H34: =H33/H7*100% -> 0.59972633 | I34: =I33/I7*100% -> 0.61402508 | ... M34: =M33/M7*100% -> 0.61685651 | O34: =O33/O7*100% -> 0.39663146
A36: Остатки на счете
A37: Начало месяца | B37: 0 | C37: =B38 -> 800000 | D37: =C38 -> 836500 | E37: =D38 -> 930600 | F37: =E38 -> 1318060 | G37: =F38 -> 1775216 | H37: =G38 -> 2309037.6 | I37: =H38 -> 2927191.4 | J37: =I38 -> 3591727.8 | ... M37: =L38 -> 5614558.2 | O37: =B37 -> 0
A38: Конец месяца | B38: =B37+B5+B33 -> 800000 | C38: =C37+C5+C33 -> 836500 | D38: =D37+D5+D33 -> 930600 | E38: =E37+E5+E33 -> 1318060 | F38: =F37+F5+F33 -> 1775216 | G38: =G37+G5+G33 -> 2309037.6 | H38: =H37+H5+H33 -> 2927191.4 | I38: =I37+I5+I33 -> 3591727.8 | ... M38: =M37+M5+M33 -> 6288835.1 | O38: =M38 -> 6288835.1
B41: Главное преимущество — это высокая маржинальность или простыми словами разница между затратами и ценой продажи. На рынке сложилась ситуация, что люди готовы платить достаточно много за данный вид продукции. Спрос круглый год с небольшими перепадами. | I41: Розничные магазины Mirtolli
I42: Открытие 10 розничных магазинов по всей РФ. Финансовая модель посчитана в рамках одного магазина.
I43: Специализация нашей компании – это здоровый и комфортный сон наших клиентов, мы не просто продаем товары (матрасы, подушки, основания), а подбираем нашим клиентам – лучшие предложения на рынке.
B45: Моржинальность сотавляет - 100%. За счет этого рентабильность проекта увеличивается в 2 раза по сравнению со средней рентабильностью магазинов (конкурентов) с данным товаром.
B49: Специфика товаров такова, что потребитель готов целенаправленно поехать в специализированный магазин для совершения покупки, если там ему предложат широкий актуальный ассортимент, адекватные цены и искренний сервис. Под сервисом следует понимать способность и желание компетентных консультантов выявить и удовлетворить настоящую потребность клиента, а также дать ему больше, чем тот ожидает.

Sheet Маркетплейс
B1: Финансовая модель интернет-магазина на Waildberries; Ozon; СберМаркет; ЯндексМаркет
A3: Месяцы | B3: 45078 | C3: =EDATE(B3,1) -> 45108 | D3: =EDATE(C3,1) -> 45139 | E3: =EDATE(D3,1) -> 45170 | F3: =EDATE(E3,1) -> 45200 | G3: =EDATE(F3,1) -> 45231 | H3: =EDATE(G3,1) -> 45261 | I3: =EDATE(H3,1) -> 45292 | J3: =EDATE(I3,1) -> 45323 | ... M3: =EDATE(L3,1) -> 45413 | O3: Итого за год
A5: Вложения | B5: =B16 -> 5661680 | O5: =SUM(B5:M5) -> 5661680
A7: Выручка | B7: =B13*B14+B15*B10 -> 1603000 | C7: =C13*C14+C15*C10 -> 1838000 | D7: =D13*D14+D15*D10 -> 2299250 | E7: =E13*E14+E15*E10 -> 2875812.5 | F7: =F13*F14+F15*F10 -> 3596515.6 | G7: =G13*G14+G15*G10 -> 4497394.5 | H7: =H13*H14+H15*H10 -> 5173053.7 | I7: =I13*I14+I15*I10 -> 5950061.8 | ... M7: =M13*M14+M15*M10 -> 8714734.1 | O7: =SUM(B7:M7) -> 58216484
A8: Число посетителей на карточку товара | B8: 5000 | C8: 4000 | D8: =C8+1500 -> 5500 | E8: =D8+1500 -> 7000 | F8: =E8+1500 -> 8500 | G8: =F8+900 -> 9400 | H8: =G8+900 -> 10300 | I8: =H8+700 -> 11000 | J8: =I8+700 -> 11700 | K8: =J8+500 -> 12200 | L8: =K8+500 -> 12700 | M8: =L8 -> 12700 | O8: =SUM(B8:M8) -> 110000
A9: Конверсия в заказ, % | B9: 0.01 | C9: 0.01 | D9: 0.02 | E9: 0.02 | F9: 0.02 | G9: 0.02 | H9: 0.02 | I9: 0.02 | J9: 0.02 | K9: 0.02 | L9: 0.02 | M9: 0.02
A10: Число заказов матрасов | B10: 35 | C10: 40 | D10: =C10+C10*25% -> 50 | E10: =D10+D10*25% -> 62.5 | F10: =E10+E10*25% -> 78.125 | G10: =F10+F10*25% -> 97.65625 | H10: =G10+G10*15% -> 112.30469 | I10: =H10+H10*15% -> 129.15039 | J10: =I10+I10*10% -> 142.06543 | K10: =J10+J10*10% -> 156.27197 | L10: =K10+K10*10% -> 171.89917 | M10: =L10+L10*10% -> 189.08909
A11: Число заказов подушек | B11: 60 | C11: 70 | D11: =C11+C11*25% -> 87.5 | E11: =D11+D11*25% -> 109.375 | F11: =E11+E11*25% -> 136.71875 | G11: =F11+F11*25% -> 170.89844 | H11: =G11+G11*15% -> 196.5332 | I11: =H11+H11*15% -> 226.01318 | J11: =I11+I11*10% -> 248.6145 | K11: =J11+J11*10% -> 273.47595 | L11: =K11+K11*10% -> 300.82355 | M11: =L11+L11*10% -> 330.9059 | O11: =SUM(B11:M11) -> 2210.8585
A12: Конверсия в оплату, % | B12: =B11/B8*100 -> 1.2 | C12: =C11/C8*100 -> 1.75 | D12: =D11/D8*100 -> 1.5909091 | E12: =E11/E8*100 -> 1.5625 | F12: =F11/F8*100 -> 1.6084559 | G12: =G11/G8*100 -> 1.8180685 | H12: =H11/H8*100 -> 1.9080894 | I12: =I11/I8*100 -> 2.0546653 | ... M12: =M11/M8*100 -> 2.6055583
A13: Число оплат | B13: =B11-2 -> 58 | C13: =C11-2 -> 68 | D13: =D11-2 -> 85.5 | E13: =E11-2 -> 107.375 | F13: =F11-2 -> 134.71875 | G13: =G11-2 -> 168.89844 | H13: =H11-2 -> 194.5332 | I13: =I11-2 -> 224.01318 | ... M13: =M11-2 -> 328.9059 | O13: =SUM(B13:M13) -> 2186.8585
A14: Средний чек подушки | B14: 3500 | C14: =B14 -> 3500 | D14: =C14 -> 3500 | E14: =D14 -> 3500 | F14: =E14 -> 3500 | G14: =F14 -> 3500 | H14: =G14 -> 3500 | I14: =H14 -> 3500 | J14: =I14 -> 3500 | ... M14: =L14 -> 3500 | O14: =AVERAGE(B14:M14) -> 3500
A15: Средний чек матраса | B15: =40000 -> 40000 | C15: =40000 -> 40000 | D15: =40000 -> 40000 | E15: =40000 -> 40000 | F15: =40000 -> 40000 | G15: =40000 -> 40000 | H15: =40000 -> 40000 | I15: =40000 -> 40000 | ... M15: =40000 -> 40000
A16: Расходы | B16: =SUM(B17:B30) -> 5661680 | C16: =SUM(C17:C30) -> 1885070 | D16: =SUM(D17:D30) -> 2223517.5 | E16: =SUM(E17:E30) -> 2646576.9 | F16: =SUM(F17:F30) -> 3175401.1 | G16: =SUM(G17:G30) -> 3836431.4 | H16: =SUM(H17:H30) -> 4332204.1 | I16: =SUM(I17:I30) -> 4902342.7 | ... M16: =SUM(M17:M30) -> 6930952.9 | O16: =SUM(B16:M16) -> 53103056
A17: Зарплата офис | B17: =20000+(B7*10/100)*4 -> 661200 | C17: =20000+(C7*10/100)*4 -> 755200 | D17: =20000+(D7*10/100)*4 -> 939700 | E17: =20000+(E7*10/100)*4 -> 1170325 | F17: =20000+(F7*10/100)*4 -> 1458606.2 | G17: =20000+(G7*10/100)*4 -> 1818957.8 | H17: =20000+(H7*10/100)*4 -> 2089221.5 | I17: =20000+(I7*10/100)*4 -> 2400024.7 | ... M17: =20000+(M7*10/100)*4 -> 3505893.7 | O17: =SUM(B17:M17) -> 23526594
A18: Зарплата производство | B18: =80*B11+3700*B10 -> 134300 | C18: =80*C11+3700*C10 -> 153600 | D18: =80*D11+3700*D10 -> 192000 | E18: =80*E11+3700*E10 -> 240000 | F18: =80*F11+3700*F10 -> 300000 | G18: =80*G11+3700*G10 -> 375000 | H18: =80*H11+3700*H10 -> 431250 | I18: =80*I11+3700*I10 -> 495937.5 | ... M18: =80*M11+3700*M10 -> 726102.09 | O18: =SUM(B18:M18) -> 4853898
A19: Налоги на зарплату | B19: =7500*43%*20 -> 64500 | C19: =7500*43%*20 -> 64500 | D19: =7500*43%*20 -> 64500 | E19: =7500*43%*20 -> 64500 | F19: =7500*43%*20 -> 64500 | G19: =7500*43%*20 -> 64500 | H19: =7500*43%*20 -> 64500 | I19: =7500*43%*20 -> 64500 | ... M19: =7500*43%*20 -> 64500 | O19: =O18*43% -> 2087176.2
A20: Доставка подушек | B20: =600*B11 -> 36000 | C20: =600*C11 -> 42000 | D20: =600*D11 -> 52500 | E20: =600*E11 -> 65625 | F20: =600*F11 -> 82031.25 | G20: =600*G11 -> 102539.06 | H20: =600*H11 -> 117919.92 | I20: =600*I11 -> 135607.91 | ... M20: =600*M11 -> 198543.54 | O20: =O19*43% -> 897485.75
A21: Доставка матраса | B21: =6500*B10 -> 227500 | C21: =6500*C10 -> 260000 | D21: =6500*D10 -> 325000 | E21: =6500*E10 -> 406250 | F21: =6500*F10 -> 507812.5 | G21: =6500*G10 -> 634765.62 | H21: =6500*H10 -> 729980.47 | I21: =6500*I10 -> 839477.54 | ... M21: =6500*M10 -> 1229079.1 | O21: =O20*43% -> 385918.87
A22: Маркетинг | B22: 300000 | C22: 300000 | D22: 300000 | E22: 300000 | F22: 300000 | G22: 300000 | H22: 300000 | I22: 300000 | J22: 300000 | K22: 300000 | L22: 300000 | M22: 300000 | O22: =SUM(B22:M22) -> 3600000
A23: Офис (рабочее место и оргтехника) | B23: 350000 | C23: 0 | D23: =C23 -> 0 | E23: =D23 -> 0 | F23: =E23 -> 0 | G23: =F23 -> 0 | H23: =G23 -> 0 | I23: =H23 -> 0 | J23: =I23 -> 0 | K23: =J23 -> 0 | ... M23: =L23 -> 0 | O23: =SUM(B23:M23) -> 350000
A24: Аренда производства + коммуналка | B24: 100000 | C24: 100000 | D24: 100000 | E24: 100000 | F24: 100000 | G24: 100000 | H24: 100000 | I24: 100000 | J24: 100000 | K24: 100000 | L24: 100000 | M24: 100000 | O24: =SUM(B24:M24) -> 1200000
A25: Аренда офиса + комманалка | B25: 50000 | C25: 50000 | D25: 50000 | E25: 50000 | F25: 50000 | G25: 50000 | H25: 50000 | I25: 50000 | J25: 50000 | K25: 50000 | L25: 50000 | M25: 50000 | O25: =SUM(B25:M25) -> 600000
A26: Вакуумное оборудование | B26: 3000000 | C26: 0 | D26: =C26 -> 0 | E26: =D26 -> 0 | F26: =E26 -> 0 | G26: =F26 -> 0 | H26: =G26 -> 0 | I26: =H26 -> 0 | J26: =I26 -> 0 | K26: =J26 -> 0 | ... M26: =L26 -> 0 | O26: =SUM(B26:M26) -> 3000000
A27: Упаковка продукции | B27: 500000 | C27: =7*C11 -> 490 | D27: =7*D11 -> 612.5 | E27: =7*E11 -> 765.625 | F27: =7*F11 -> 957.03125 | G27: =7*G11 -> 1196.2891 | H27: =7*H11 -> 1375.7324 | I27: =7*I11 -> 1582.0923 | J27: =7*J11 -> 1740.3015 | ... M27: =7*M11 -> 2316.3413 | O27: =SUM(B27:M27) -> 515056.01
A28: Фотостудия | B28: 100000 | C28: 0 | D28: =C28 -> 0 | E28: =D28 -> 0 | F28: =E28 -> 0 | G28: =F28 -> 0 | H28: =G28 -> 0 | I28: =H28 -> 0 | J28: =I28 -> 0 | K28: =J28 -> 0 | ... M28: =L28 -> 0 | O28: =SUM(B28:M28) -> 100000
A29: Себестоимость товара | B29: =700*B11 -> 42000 | C29: =700*C11 -> 49000 | D29: =700*D11 -> 61250 | E29: =700*E11 -> 76562.5 | F29: =700*F11 -> 95703.125 | G29: =700*G11 -> 119628.91 | H29: =700*H11 -> 137573.24 | I29: =700*I11 -> 158209.23 | ... M29: =700*M11 -> 231634.13 | O29: =SUM(B29:M29) -> 1547600.9
A30: Налог (УСН, 6% от доходов) | B30: =B7*6% -> 96180 | C30: =C7*6% -> 110280 | D30: =D7*6% -> 137955 | E30: =E7*6% -> 172548.75 | F30: =F7*6% -> 215790.94 | G30: =G7*6% -> 269843.67 | H30: =H7*6% -> 310383.22 | I30: =I7*6% -> 357003.71 | ... M30: =M7*6% -> 522884.05 | O30: =SUM(B30:M30) -> 3492989
A32: Прибыль | B32: =B7-B16 -> -4058680 | C32: =C7-C16 -> -47070 | D32: =D7-D16 -> 75732.5 | E32: =E7-E16 -> 229235.62 | F32: =F7-F16 -> 421114.53 | G32: =G7-G16 -> 660963.16 | H32: =H7-H16 -> 840849.64 | I32: =I7-I16 -> 1047719.1 | ... M32: =M7-M16 -> 1783781.3 | O32: =SUM(B32:M32) -> 5113428.5
A33: Рентабельность | B33: =B32/B7*100% -> -2.5319276 | C33: =C32/C7*100% -> -0.025609358 | D33: =D32/D7*100% -> 0.032937915 | E33: =E32/E7*100% -> 0.079711603 | F33: =F32/F7*100% -> 0.11708959 | G33: =G32/G7*100% -> 0.1469658 | H33: =H32/H7*100% -> 0.16254415 | I33: =I32/I7*100% -> 0.17608541 | ... M33: =M32/M7*100% -> 0.20468568 | O33: =O32/O7*100% -> 0.087834718
A35: Остатки на счете
A36: Начало месяца | B36: 0 | C36: =B37 -> 1603000 | D36: =C37 -> 1555930 | E36: =D37 -> 1631662.5 | F36: =E37 -> 1860898.1 | G36: =F37 -> 2282012.7 | H36: =G37 -> 2942975.8 | I36: =H37 -> 3783825.5 | J36: =I37 -> 4831544.5 | ... M36: =L37 -> 8991327.2 | O36: =B36 -> 0
A37: Конец месяца | B37: =B36+B5+B32 -> 1603000 | C37: =C36+C5+C32 -> 1555930 | D37: =D36+D5+D32 -> 1631662.5 | E37: =E36+E5+E32 -> 1860898.1 | F37: =F36+F5+F32 -> 2282012.7 | G37: =G36+G5+G32 -> 2942975.8 | H37: =H36+H5+H32 -> 3783825.5 | I37: =I36+I5+I32 -> 4831544.5 | ... M37: =M36+M5+M32 -> 10775108 | O37: =M37 -> 10775108
B40: 2 000 000 заказов на Waildberries; Ozon; СберМаркет; ЯндексМаркет ежедневно оформляют более 20 млн. посетителей. География присутствия компаний охватывает 7 стран: Россию, Казахстан, Киргизию, Армению, Беларусь, Польшу и Словакию. 100 млн. отзывов от активных и пользователей и поставщиков. | I40: Интернет-торговля — одно из самых популярных направлений
I41: Открытие магазина на площадках самых крупных отечественных маркетплейсах уже гарантирует надежность и качество.
I42: По данным Ассоциации компаний интернет-торговли (АКИТ), Россияне потратили в 2019 году на интернет-покупки более 2 трлн рублей. И число покупателей с каждым днем продолжает расти. Открытие интернет-магазина будет хорошей идеей по нескольким причинам: - возрастающая популярность онлайн-магазинов среди потенциальных покупателей; - найти и приобрести нужный товар в интернете можно в считанные минуты; - благодаря регистрации есть возможность создать базу клиентов; - отсутствие дополнительных расходов: арендной платы, на приобретение мебели для офиса, коммунальные услуги и зарплату для персонала; - снижение затрат позволяет установить более низкие цены, что в свою очередь увеличивает популярность и конкурентоспособность предприятия.
B44: Сейчас самое лучшее время стать партнером самых крупных отечественных маркетплейсов Waildberries; Ozon; СберМаркет; ЯндексМаркет. Даже в условиях пандемии, наш онлайн-магазин не перестанет работать. Маркетплейс - это надежный партнер, работающий на рынке с 1998 года.

Sheet Фин.модель общая
B1: Финансовая модель общая
A3: Месяцы | B3: 45078 | C3: =EDATE(B3,1) -> 45108 | D3: =EDATE(C3,1) -> 45139 | E3: =EDATE(D3,1) -> 45170 | F3: =EDATE(E3,1) -> 45200 | G3: =EDATE(F3,1) -> 45231 | H3: =EDATE(G3,1) -> 45261 | I3: =EDATE(H3,1) -> 45292 | J3: =EDATE(I3,1) -> 45323 | ... M3: =EDATE(L3,1) -> 45413 | O3: Итого за год
A5: Вложения | B5: ='1 розничный магазин'!B5*2+Маркетплейс!B5 -> 9360680 | C5: ='1 розничный магазин'!B5*2 -> 3699000 | D5: ='1 розничный магазин'!B5*2 -> 3699000 | E5: ='1 розничный магазин'!B5*2 -> 3699000 | F5: ='1 розничный магазин'!B5*2 -> 3699000 | O5: =SUM(B5:M5) -> 24156680
A7: Выручка | B7: =SUM(B9:B10) -> 3203000 | C7: =SUM(C9:C10) -> 4078000 | D7: =SUM(D9:D10) -> 6715250 | E7: =SUM(E9:E10) -> 9122212.5 | F7: =SUM(F9:F10) -> 12011236 | G7: =SUM(G9:G10) -> 13867635 | H7: =SUM(H9:H10) -> 15480318 | I7: =SUM(I9:I10) -> 16772689 | ... M7: =SUM(M9:M10) -> 19645588 | O7: =SUM(B7:M7) -> 1.5535715e+08
A8: Кол-во магазинов | B8: 2 магизна | C8: 4 магизна | D8: 6 магизнов | E8: 8 магизнов | F8: 10 магизнов | G8: 10 магизнов | H8: 10 магизнов | I8: 10 магизнов | J8: 10 магизнов | K8: 10 магизнов | L8: 10 магизнов | M8: 10 магизнов
A9: Розничный магазин | B9: ='1 розничный магазин'!B7*2 -> 1600000 | C9: ='1 розничный магазин'!B7*2+'1 розничный магазин'!C7 -> 2240000 | D9: ='1 розничный магазин'!B7*2+'1 розничный магазин'!D7*4 -> 4416000 | E9: ='1 розничный магазин'!B7*2+'1 розничный магазин'!E7*6 -> 6246400 | F9: ='1 розничный магазин'!B7*2+'1 розничный магазин'!F7*8 -> 8414720 | G9: ='1 розничный магазин'!G7*10 -> 9370240 | H9: ='1 розничный магазин'!H7*10 -> 10307264 | I9: ='1 розничный магазин'!I7*10 -> 10822627 | J9: ='1 розничный магазин'!J7*10 -> 10930853 | K9: ='1 розничный магазин'!K7*10 -> 10930853 | L9: ='1 розничный магазин'!L7*10 -> 10930853 | M9: ='1 розничный магазин'!M7*10 -> 10930853 | O9: =SUM(B9:M9) -> 97140665
A10: Маркетплейсы | B10: =Маркетплейс!B7 -> 1603000 | C10: =Маркетплейс!C7 -> 1838000 | D10: =Маркетплейс!D7 -> 2299250 | E10: =Маркетплейс!E7 -> 2875812.5 | F10: =Маркетплейс!F7 -> 3596515.6 | G10: =Маркетплейс!G7 -> 4497394.5 | H10: =Маркетплейс!H7 -> 5173053.7 | I10: =Маркетплейс!I7 -> 5950061.8 | ... M10: =Маркетплейс!M7 -> 8714734.1 | O10: =SUM(B10:M10) -> 58216484
A12: Расходы | B12: =SUM(B14:B15) -> 9360680 | C12: =SUM(C14:C15) -> 6791070 | D12: =SUM(D14:D15) -> 8362117.5 | E12: =SUM(E14:E15) -> 8667216.9 | F12: =SUM(F14:F15) -> 10031873 | G12: =SUM(G14:G15) -> 7868455.4 | H12: =SUM(H14:H15) -> 8457930.5 | I12: =SUM(I14:I15) -> 9079605.4 | ... M12: =SUM(M14:M15) -> 11119038 | O12: =SUM(B12:M12) -> 1.0981112e+08
A13: Кол-во магазинов | B13: 2 магизна | C13: 4 магизна | D13: 6 магизнов | E13: 8 магизнов | F13: 10 магизнов | G13: 10 магизнов | H13: 10 магизнов | I13: 10 магизнов | J13: 10 магизнов | K13: 10 магизнов | L13: 10 магизнов | M13: 10 магизнов
A14: Розничный магазин | B14: ='1 розничный магазин'!B13*2 -> 3699000 | C14: ='1 розничный магазин'!B13*2+'1 розничный магазин'!C13*2 -> 4906000 | D14: ='1 розничный магазин'!B13*2+'1 розничный магазин'!D13*4 -> 6138600 | E14: ='1 розничный магазин'!B13*2+'1 розничный магазин'!E13*6 -> 6020640 | F14: ='1 розничный магазин'!B13*2+'1 розничный магазин'!F13*8 -> 6856472 | G14: ='1 розничный магазин'!G13*10 -> 4032024 | H14: ='1 розничный магазин'!H13*10 -> 4125726.4 | I14: ='1 розничный магазин'!I13*10 -> 4177262.7 | J14: ='1 розничный магазин'!J13*10 -> 4188085.3 | K14: ='1 розничный магазин'!K13*10 -> 4188085.3 | L14: ='1 розничный магазин'!L13*10 -> 4188085.3 | M14: ='1 розничный магазин'!M13*10 -> 4188085.3 | O14: =SUM(B14:M14) -> 56708067
A15: Маркетплейсы | B15: =Маркетплейс!B16 -> 5661680 | C15: =Маркетплейс!C16 -> 1885070 | D15: =Маркетплейс!D16 -> 2223517.5 | E15: =Маркетплейс!E16 -> 2646576.9 | F15: =Маркетплейс!F16 -> 3175401.1 | G15: =Маркетплейс!G16 -> 3836431.4 | H15: =Маркетплейс!H16 -> 4332204.1 | I15: =Маркетплейс!I16 -> 4902342.7 | ... M15: =Маркетплейс!M16 -> 6930952.9 | O15: =SUM(B15:M15) -> 53103056
A17: Прибыль | B17: =B7-B12 -> -6157680 | C17: =C7-C12 -> -2713070 | D17: =D7-D12 -> -1646867.5 | E17: =E7-E12 -> 454995.62 | F17: =F7-F12 -> 1979362.5 | G17: =G7-G12 -> 5999179.2 | H17: =H7-H12 -> 7022387.2 | I17: =I7-I12 -> 7693083.6 | ... M17: =M7-M12 -> 8526549.4 | O17: =SUM(B17:M17) -> 45546027
A18: Рентабельность | B18: =B17/B7*100% -> -1.9224727 | C18: =C17/C7*100% -> -0.66529426 | D18: =D17/D7*100% -> -0.24524292 | E18: =E17/E7*100% -> 0.049877771 | F18: =F17/F7*100% -> 0.16479258 | G18: =G17/G7*100% -> 0.43260292 | H18: =H17/H7*100% -> 0.45363328 | I18: =I17/I7*100% -> 0.45866728 | ... M18: =M17/M7*100% -> 0.43401855 | O18: =O17/O7*100% -> 0.29316982
A20: Остатки на счете
A21: Начало месяца | B21: 0 | C21: =B22 -> 3203000 | D21: =C22 -> 4188930 | E21: =D22 -> 6241062.5 | F21: =E22 -> 10395058 | G21: =F22 -> 16073421 | H21: =G22 -> 22072600 | I21: =H22 -> 29094987 | J21: =I22 -> 36788071 | ... M21: =L22 -> 61176158 | O21: =B21 -> 0
A22: Конец месяца | B22: =B21+B5+B17 -> 3203000 | C22: =C21+C5+C17 -> 4188930 | D22: =D21+D5+D17 -> 6241062.5 | E22: =E21+E5+E17 -> 10395058 | F22: =F21+F5+F17 -> 16073421 | G22: =G21+G5+G17 -> 22072600 | H22: =H21+H5+H17 -> 29094987 | I22: =I21+I5+I17 -> 36788071 | ... M22: =M21+M5+M17 -> 69702707 | O22: =M22 -> 69702707
